 Dungeon Crawl Stone Soup version 0.20-a0-556-g892c87b (webtiles) character file.

158 HallandMoats the Skirmisher (level 5, -3/35 HPs)
             Began as a Gargoyle Fighter on Feb 4, 2017.
             Slain by a gnoll
             ... wielding a cursed +0 halberd
              (12 damage)
             ... on level 2 of the Dungeon.
             The game lasted 00:03:15 (1912 turns).

HallandMoats the Skirmisher (Gargoyle Fighter)      Turns: 1912, Time: 00:03:16

Health: -3/35      AC: 10    Str: 20    XL:     5   Next: 39%
Magic:  5/5        EV:  7    Int:  8    God:
Gold:   159        SH:  9    Dex: 10    Spells: 4/4 levels left

rFire    . . .     SeeInvis .   a - +0 war axe
rCold    . . .     Gourm    .   b - +0 scale mail
rNeg     + . .     Faith    .   c - +0 shield
rPois    ∞         Spirit   .   (no helmet)
rElec    +         Reflect  .   (no cloak)
rCorr    .         Harm     .   (no gloves)
MR       .....                  (no boots)
Stlth    ..........             (no amulet)
Regen    0.2/turn               (no ring)
                                (no ring)

@: no status effects
A: negative energy resistance 1, electricity resistance, unbreathing,
petrification resistance, rot immunity, AC +4
a: no special abilities


You were on level 2 of the Dungeon.
You were not hungry.

You visited 1 branch of the dungeon, and saw 3 of its levels.

You collected 159 gold pieces.

Inventory:

Hand Weapons
 a - a +0 war axe (weapon)
Armour
 b - a +0 scale mail (worn)
 c - a +0 shield (worn)
 s - a +0 pair of boots
Scrolls
 j - 2 scrolls of teleportation {unknown}
 l - 2 scrolls of enchant weapon {unknown}
 m - 2 scrolls of random uselessness {unknown}
 p - a scroll of fear {unknown}
 q - a scroll of identify {unknown}
 t - a scroll of remove curse {unknown}
Potions
 d - a potion of might
 e - 3 potions of curing {unknown}
 h - 4 potions of lignification {unknown}
 k - a potion of mutation {unknown}
 n - a potion of degeneration {unknown}
 o - a potion of haste {unknown}
Comestibles
 f - 2 bread rations
 g - a meat ration
 i - 2 fruits


   Skills:
 + Level 5.0 Fighting
 + Level 3.7 Axes
 - Level 3.2 Armour
 - Level 3.2 Shields


You had 4 spell levels left.
You didn't know any spells.

Dungeon Overview and Level Annotations

Branches:
Dungeon (3/15)

Altars:
Ru


Innate Abilities, Weirdness & Mutations

You are resistant to torment.
Your stone body is resilient. (AC +4)
You are immune to poison.
You resist negative energy. (rN+)
You are resistant to electric shocks. (rElec)
You can survive without breathing.
You are immune to petrification.
You are immune to rotting.


Message History

There is a stone staircase leading down here.
Your shield and scale mail prevent you from hitting the gnoll.
The gnoll completely misses you. The gnoll hits you but does no damage.
You hit the gnoll.
The gnoll is heavily wounded.
You block the gnoll's attack.
You completely miss the gnoll.
The gnoll is heavily wounded.
The gnoll completely misses you.
You barely miss the gnoll.
The gnoll is heavily wounded.
The gnoll hits you with a halberd!
You hit the gnoll but do no damage.
The gnoll is heavily wounded.
The gnoll hits you with a halberd!
* * * LOW HITPOINT WARNING * * *
You hit the gnoll.
The gnoll is severely wounded.
The gnoll hits you with a halberd!
You die...

..# ..# ..# ############
..############..........#
........................#########
..########...#..........#........
..########.#.#..........#........
#.....##...#.....g......#........
#####...........@.##.####........
# ##...#..............<........ #
#....#####..#.#..######.#### ##
##..### #..#....## #.#
.####...### ##.#.....## #.#
..........# ####........# #.#
#.........# #..#......>.# #.#
#......#### ##..........# #.# #
#......# ###.#......# #.# ##


You could see a gnoll.

Vanquished Creatures
  2 orc priests (D:3)
  2 adders (D:2)
  An ooze (D:1)
  A worm (D:3)
  5 dart slugs
  3 leopard geckos
  4 orcs (D:3)
  8 goblins
  5 hobgoblins
  4 jackals (D:1)
  3 kobolds
  A quokka (D:3)
  A ball python (D:3)
  9 bats
  2 frilled lizards
  5 rats
56 creatures vanquished.

Notes
Turn   | Place    | Note
-------+----------+-------------------------------------------
     0 | D:1      | HallandMoats the Gargoyle Fighter began the quest for the Orb.
     0 | D:1      | Reached XP level 1. HP: 14/14 MP: 1/1
     0 | D:1      | Noticed a white draconian
     1 | D:1      | Noticed an ice dragon
     1 | D:1      | Noticed an orb of fire
     3 | D:1      | Noticed a shadow dragon
     3 | D:1      | Noticed a shadow dragon
     5 | D:1      | Noticed a large abomination
     6 | D:1      | Noticed a yellow draconian
     8 | D:1      | Noticed a tentacled monstrosity
    10 | D:1      | Noticed an orb of fire
    10 | D:1      | Noticed a shadow dragon
    12 | D:1      | Noticed a large abomination
    12 | D:1      | Noticed an iron dragon
    14 | D:1      | Noticed an ice dragon
    17 | D:1      | Noticed a tentacled monstrosity
    17 | D:1      | Noticed an iron dragon
    19 | D:1      | Noticed a large abomination
    21 | D:1      | Noticed an orb of fire
   250 | D:1      | Reached XP level 2. HP: 19/19 MP: 2/2
   616 | D:1      | Reached XP level 3. HP: 24/24 MP: 3/3
   634 | D:1      | Reached skill level 4 in Fighting
  1018 | D:2      | Reached XP level 4. HP: 23/29 MP: 4/4
  1072 | D:2      | Found a sacrificial altar of Ru.
  1545 | D:3      | Reached XP level 5. HP: 31/34 MP: 5/5
  1556 | D:3      | Reached skill level 5 in Fighting
  1912 | D:2      | Slain by a gnoll

Vault maps used:
D:1:      shiori_arrival_whats_in_store_for_you
D:2:      lemuel_upstairs_altar, nicolae_ru_sacrificial_ziggurat

Skill      XL: |  1  2  3  4  5 |
---------------+----------------+-----
Axes           | 2 3 |  3.7
Fighting       | 4 5 |  5.0
Armour         | |  3.2
Shields        | |  3.2

Action                   |  1- 3 |  4- 6 || total
-------------------------+-------+-------++-------
Melee: War axe           |   109 |    79 ||   188
  Eat: Chunk             |     1 |     2 ||     3
       Fruit             |       |     1 ||     1
Armor: Scale mail        |    97 |    57 ||   154
Dodge: Dodged            |    44 |    32 ||    76
Block: Shield            |    82 |    48 ||   130
